 Dungeon Crawl Stone Soup version 0.27-a0-203-gd48b2df3c9 (webtiles) character file.

Game seed: 9428504109979866180

68 lawman0 the Magician (level 4, -6/24 HPs)
             Began as a Deep Elf Hedge Wizard on Jan 31, 2021.
             Mangled by Crazy Yiuf
             ... wielding a +4 quarterstaff of chaos
              (16 damage)
             ... on level 3 of the Dungeon.
             The game lasted 00:06:28 (3213 turns).

lawman0 the Magician (Deep Elf Hedge Wizard)        Turns: 3213, Time: 00:06:29

Health: -6/24      AC:  9    Str:  8    XL:     4   Next: 1%
Magic:  13/13      EV: 13    Int: 25    God:
Gold:   164        SH:  0    Dex: 14    Spells: 3/13 levels left

rFire    + . .     SeeInvis .   a - +0 dagger
rCold    + . .     Faith    .   (no shield)
rNeg     . . .     Spirit   .   o - +1 robe {rC+ rF+}
rPois    .         Reflect  .   c - +0 hat
rElec    .         Harm     .   (no cloak)
rCorr    .         Rampage  .   i - +0 pair of gloves
Will     .....                  s - +0 pair of boots
Stlth    ++........             (no amulet)
HPRegen  0.08/turn              j - +6 ring of intelligence
MPRegen  0.13/turn              p - +4 ring of protection

@: no status effects
A: no striking features
a: no special abilities


You were on level 3 of the Dungeon.
You visited 1 branch of the dungeon, and saw 3 of its levels.

You collected 164 gold pieces.

Inventory:

Hand Weapons
 a - a +0 dagger (weapon)
Missiles
 d - 6 poisoned darts (quivered)
Armour
 c - a +0 hat (worn)
 i - a +0 pair of gloves (worn)
 o - a +1 robe of resistance (worn)
 s - a +0 pair of boots (worn)
Jewellery
 j - a +6 ring of intelligence (left hand)
 p - a +4 ring of protection (right hand)
Wands
 l - a wand of digging (10)
Scrolls
 b - 3 scrolls of teleportation
 h - a scroll of remove curse
 k - a scroll of fear {unknown}
 q - a scroll of magic mapping {unknown}
 r - a scroll of enchant armour
 t - a scroll of amnesia {unknown}
 u - a scroll of fog
Potions
 e - a potion of lignification
 f - a potion of degeneration {unknown}
 m - a potion of cancellation
 n - a potion of attraction {unknown}


   Skills:
 + Level 2.7 Dodging
 + Level 2.7 Stealth
 + Level 5.3 Spellcasting
 * Level 3.0 Conjurations
 + Level 1.1 Summonings
 + Level 1.1 Translocations


You had 3 spell levels left.
You knew the following spells:

 Your Spells              Type           Power        Failure   Level
a - Magic Dart            Conj           88%          2%          1
b - Blink                 Tloc           N/A          8%          2
c - Call Imp              Summ           12%          8%          2
d - Slow                  Hex            6%           12%         2
e - Mephitic Cloud        Conj/Pois/Air  11%          16%         3

Your spell library contained the following spells:

 Spells                   Type           Power        Failure   Level
 Conjure Flame            Conj/Fire      14%          13%         3


Dungeon Overview and Level Annotations

Branches:
Dungeon (3/15)

Altars:
Okawaru
Xom

Annotations:
D:3 Crazy Yiuf


Message History

Confirm with . or Enter, or press ? or * to list all spells.
Aiming: Magic Dart (safe; 2% risk of failure)
Press: ? - help, Shift-Dir - straight line, f/p - Crazy Yiuf
Aim: Crazy Yiuf, wielding a +4 quarterstaff of chaos and wearing a +2 cloak (heavily wounded, 0% to evade)
The magic dart hits Crazy Yiuf but does no damage.
Crazy Yiuf is heavily wounded.
Crazy Yiuf hits you with a +4 quarterstaff of chaos.
Unknown command.
Casting: Magic Dart (safe; 2% risk of failure)
Confirm with . or Enter, or press ? or * to list all spells.
Aiming: Magic Dart (safe; 2% risk of failure)
Press: ? - help, Shift-Dir - straight line, f/p - Crazy Yiuf
Aim: Crazy Yiuf, wielding a +4 quarterstaff of chaos and wearing a +2 cloak (heavily wounded, 0% to evade)
The magic dart hits Crazy Yiuf.
Crazy Yiuf is severely wounded.
Crazy Yiuf misses you. Magic courses through your body.
Crazy Yiuf hits you with a +4 quarterstaff of chaos!
Ouch! That really hurt!
You die...

.................................
.#.####..########################
.#.......# #.......# .#.###...#
##### #######.# ###......# #..)#
#....#.# .........### #...#
##.#..#.# ####.#.....# ...
#.....#.# #.#.....# #g# ##...##.#
#.#.#...# ♣♣@♣ #.......#
#.#.#.### ♣.♣♣ #..###### ##
#.#.#.# ♣♣.♣ #..# #. #.#.#.# ♣.♣♣
#..# #. #.#.#.### ♣♣.♣♣ #..# #.
#.#.#...# ♣...♣♣ #..########.
#[#.##### ♣..P.♣ #...........
#.#.# #....# #.########## #.#.#
####....## #.#


You could see Crazy Yiuf.

Vanquished Creatures
  An ooze (D:3)
  A worm (D:2)
  2 leopard geckos
  7 bats
  A giant cockroach (D:3)
  9 goblins
  3 hobgoblins
  3 jackals (D:1)
  4 quokkas
  A ball python (D:2)
  4 frilled lizards
  7 kobolds
  8 rats
51 creatures vanquished.

Vanquished Creatures (collateral kills)
  A worm (D:2)
1 creature vanquished.

Grand Total: 52 creatures vanquished

Notes
Turn   | Place    | Note
-------+----------+-------------------------------------------
     0 | D:1      | lawman0 the Deep Elf Hedge Wizard began the quest for the
                  | Orb.
     0 | D:1      | Reached XP level 1. HP: 10/10 MP: 7/7
   304 | D:1      | Reached XP level 2. HP: 15/15 MP: 6/9
   447 | D:1      | Learned a level 2 spell: Blink
   450 | D:1      | Learned a level 2 spell: Call Imp
   453 | D:1      | Learned a level 2 spell: Slow
   791 | D:1      | Reached skill level 5 in Spellcasting
  1126 | D:1      | ...?
  1139 | D:1      | Reached XP level 3. HP: 19/19 MP: 7/11
  1143 | D:1      | Learned a level 3 spell: Mephitic Cloud
  1671 | D:2      | sick
  1710 | D:2      | Found a faded altar of an unknown god.
  1825 | D:2      | You fall into a shaft and drop 1 floor!
  1826 | D:3      | oh
  1870 | D:3      | sick
  2223 | D:3      | Found a shimmering altar of Xom.
  2225 | D:3      | sup xom
  2433 | D:3      | Found an iron altar of Okawaru.
  2463 | D:3      | Found a runed translucent door.
  2909 | D:3      | Noticed Crazy Yiuf
  3076 | D:3      | Reached XP level 4. HP: 24/24 MP: 10/13
  3213 | D:3      | Mangled by Crazy Yiuf

Illustrated notes ##................# #.##. #........#####....# #.##. #........'...'....# #.... #........#...#....# ###.# #......###...####.# ####... #......###...####.####...... #########.........#.......<. #...).....####...... #..@......# ####... #.........# ##.# #.........# #.# #.........# ..# #.........# .## #........... # ####........ . ....... ....### ....... Turn 1126 on D:1: ...? ...######## .#.## .#..### ###...##### #..)....######### ####............. ######..##### ##..#########. ##...@....... ########.### Turn 1671 on D:2: sick # .. ###.########### #.............. #....@....... ############# Turn 1826 on D:3: oh #>.......... #.# ###.## # #.# #..... ####. #.# #.#... ..#.### #.# #.#### #.#.#.## #.#####.#### #)#.#.###........... #>#.#......###.#... #@#.##.....)...... #.#.###.##.###.#.## #.#.#.##.##.# #.#... #.#.# #...#... ..#.## #.#.# ############. #.#.# . #.#.# .# Turn 1870 on D:3: sick

.#.#.#.#.#.#.#.#.#.#.##
#.#.#.#.#.#.#.#.#.#.#.#
.#.#.#.#.#.#.#.#.#.#.##
#.#.#.#.#.#.#.#<#.#.#.#
.#.#.#.#.#.#.#.#.#(#.##
#.#.#.#.#.#.#.#.#.#)#.#
.#.#.#.#.#.#.#.#.#.#.##
#.#.#.#.#.#.#.#.#.#.#.#
.#.#.#.#.#.#.#.#@# #.#..
#.#.#.#.#.#.#.#.#.#
#.###
.#.#.#.#.#.#.#.#.#.# #..
#.#.#.#.#.#.#.#.#.#<#
###
.#.#.#.#.#.#.#.#.#.#'#
#.#.#.#'#.#.#.#.#.#._..
..##.....##.#.#####....#
#.##.....##.#.# ....
..##.....##.#.# ..


Turn 2225 on D:3: sup xom

Levels and vault maps discovered:
D:1:      dpeg_arrival_rhombus, layout_basic, hex_medium, st_stairs_13,
          minmay_misc_feat_rugged
D:2:      layout_rooms, chequers_ecumenical_altar_lobes
D:3:      layout_basic, overflow_temple_1_default, okawaru_ov_weapons_minmay,
          uniq_crazy_yiuf_cottage

Skill      XL: |  1  2  3 |
---------------+----------+-----
Spellcasting   | 5 |  5.3
Conjurations   | 2 3 |  3.0
Dodging        | |  2.7
Stealth        | |  2.7
Summonings     | |  1.1
Translocations | |  1.1

Action                   |  1- 3 |  4- 6 || total
-------------------------+-------+-------++-------
Melee: Dagger            |     5 |       ||     5
Throw: Dart              |     1 |       ||     1
 Cast: Magic Dart        |   108 |    10 ||   118
       Call Imp          |     1 |       ||     1
       Mephitic Cloud    |       |     1 ||     1
  Use: Scroll            |     7 |       ||     7
       Potion            |       |     1 ||     1
Armor: Robe              |     4 |       ||     4
       Skin              |     3 |       ||     3
Dodge: Dodged            |    18 |     3 ||    21

Table legend: (Time is in decaauts)
 A = Elapsed time spent in this place.
 B = Non-inter-level travel time spent in this place.
 C = Inter-level travel time spent in this place.
 D = Time resting spent in this place.
 E = Time spent auto-exploring this place.
 F = Levels seen in this place.
 G = Mean time per level.
                   A        B        C        D        E       F      G
               +--------+--------+--------+--------+--------+-----+--------+
         Total |   3211 |   3202 |      9 |    528 |   2299 |   3 | 1070.3 |
       Dungeon |   3211 |   3202 |      9 |    528 |   2299 |   3 | 1070.3 |
               +--------+--------+--------+--------+--------+-----+--------+

Top non-repeatable levels by time:
     D:3: 1387 daAuts
     D:1: 1348 daAuts
     D:2: 475 daAuts
